 Dungeon Crawl Stone Soup version 0.27-a0-32-g443bf2d2ca (webtiles) character file.

Game seed: 2669370141841028823

558 DocSulfur the Ruffian (level 7, 57/57 HPs)
             Began as a Yellow Draconian Transmuter on Jan 4, 2021.
             Quit the game in a sewer.
             The game lasted 00:09:36 (3271 turns).

DocSulfur the Ruffian (Yellow Draconian Transmuter) Turns: 3271, Time: 00:09:37

Health: 57/57      AC:  7    Str: 14    XL:     7   Next: 9%
Magic:  11/12      EV: 12    Int: 13    God:
Gold:   193        SH:  0    Dex: 12    Spells: 9/12 levels left

rFire    . . .     SeeInvis .     - Unarmed
rCold    . . .     Faith    .   (no shield)
rNeg     . . .     Spirit   .   (armour unavailable)
rPois    .         Reflect  .   (helmet currently unavailable)
rElec    .         Harm     .   m - +0 cloak
rCorr    +         Rampage  .   (no gloves)
Will     .....                  (boots currently unavailable)
Stlth    +.........             d - amulet of magic regeneration
HPRegen  0.19/turn              l - ring of resist corrosion
MPRegen  0.38/turn              (no ring)

@: appendages
A: spit acid, unfitting armour, horns 2, talons 2, cold-blooded, acid
resistance, AC +6
a: Breathe Acid, End Transformation


You were in a sewer.
You had grown temporary horns.
You had grown temporary talons.
You visited 1 branch of the dungeon, and saw 3 of its levels.
You also visited: Sewer.

You collected 193 gold pieces.

Inventory:

Missiles
 n - 20 poisoned darts
Armour
 m - a +0 cloak (worn)
Jewellery
 d - an amulet of magic regeneration (around neck)
 g - an uncursed amulet of regeneration
 l - a ring of resist corrosion (left hand)
Wands
 a - a wand of polymorph (2)
 b - a wand of random effects (12)
Scrolls
 c - a scroll of immolation
 e - a scroll of enchant weapon {unknown}
 f - 4 scrolls of fog {unknown}
 h - a scroll of remove curse {unknown}
 i - 2 scrolls of blinking {unknown}
 k - a scroll of magic mapping {unknown}
 q - a scroll of fear {unknown}
 r - 3 scrolls of teleportation {unknown}
Potions
 j - a potion of lignification {unknown}
 o - a potion of curing {unknown}
 p - 2 potions of flight {unknown}


   Skills:
 + Level 3.4 Fighting
 - Level 1.7 Dodging
 * Level 5.2 Unarmed Combat
 + Level 3.3 Spellcasting
 * Level 4.6 Transmutations


You had 9 spell levels left.
You knew the following spells:

 Your Spells              Type           Power        Failure   Level
a - Beastly Appendage     Tmut           28%          3%          1
b - Wereblood             Tmut           14%          4%          2

Your spell library contained the following spells:

 Spells                   Type           Power        Failure   Level
 Spider Form              Tmut/Pois      4%           26%         3
 Ice Form                 Ice/Tmut       8%           63%         4
 Blade Hands              Tmut           7%           65%         5


Dungeon Overview and Level Annotations

Branches:
Dungeon (3/15)              Sewer (1/1)

Altars:
Xom


Innate Abilities, Weirdness & Mutations

You can spit globs of acid.
Your golden yellow scales are hard. (AC +6)
You cannot fit into any form of body armour.
You are cold-blooded and may be slowed by cold attacks.
You are resistant to acid. (rCorr)
You have a pair of horns on your head.
You have razor-sharp toenails.


Message History

Moving in this stuff is going to be slow.
There is a gate leading back out of this place here.
You enter the shallow water.
Moving in this stuff is going to be slow.
You grow a pair of large bovine horns.
Your feet morph into talons.
Unknown command.
You start removing your amulet.
You continue taking off your amulet of regeneration. x4
You finish taking off your amulet of regeneration.
You start putting on your amulet.
You continue putting on your blackened zirconium amulet. x5
You finish putting on your uncursed amulet of magic regeneration.
d - an amulet of magic regeneration (around neck)
l - a ring of resist corrosion (left hand)
Okay, then.
Unknown command.
Okay, then.
You extend your transformation's duration.
Unknown command.
Are you sure you want to abandon this character and quit the game? (Confirm with "yes".)

#≈≈≈≈≈≈≈≈≈≈≈≈≈≈≈≈≈≈≈≈###
###≈≈≈≈≈≈≈≈≈≈≈≈≈≈≈≈≈≈≈≈≈≈##
##≈≈≈≈≈≈≈≈≈≈≈≈≈≈≈≈≈≈≈≈≈≈≈≈≈#
##≈≈≈≈≈≈≈≈≈≈≈≈≈≈≈≈≈≈≈≈≈≈≈≈≈≈≈
#≈≈≈≈≈≈≈≈≈≈≈≈≈≈≈≈≈≈≈≈≈≈≈≈≈≈≈##
##≈≈≈≈≈≈≈≈≈.≈≈≈..##.≈≈≈≈≈≈≈≈≈≈≈
#≈#≈≈≈≈≈≈≈≈≈#.##≈#.##.†≈≈≈≈≈≈≈≈≈≈
≈≈≈≈≈≈≈≈≈≈.#####.#####.#≈≈≈≈≈≈≈≈≈
≈≈≈≈≈≈≈≈≈≈≈# #@# ###≈≈≈≈≈≈≈≈≈
≈≈≈≈≈≈≈≈≈≈## #.# #..≈≈≈≈≈≈≈≈
≈≈≈≈≈≈≈≈≈≈# #.# ##.≈≈≈≈≈≈≈≈
#≈≈≈≈≈≈≈≈.# #.# ##.≈≈≈≈≈≈≈
#≈≈≈≈≈≈≈.## ##≈## ##.≈≈≈≈≈≈
≈≈≈≈≈≈≈≈## #.≈.# ##.≈≈≈≈≈
≈≈≈≈≈≈≈≈# #.∩.# #..≈≈≈≈ ≈≈≈≈≈≈≈##
#...# ##≈≈≈≈≈ ≈≈≈≈≈≈..# #####
#.≈≈≈≈


There were no monsters in sight!

Vanquished Creatures
  Sigmund (D:2)
  Purgy (Sewer)
  Terence (D:2)
  2 orc wizards (D:3)
  A worker ant zombie (D:3)
  Robin (D:2)
  4 gnolls (D:3)
  7 adders
  A dart slug (D:1)
  2 worms
  2 leopard geckos
  6 orcs (D:3)
  4 giant cockroaches
  15 goblins
  8 hobgoblins
  10 jackals
  A quokka (D:3)
  5 ball pythons
  6 bats
  7 frilled lizards
  12 kobolds
  3 rats
100 creatures vanquished.

Notes
Turn   | Place    | Note
-------+----------+-------------------------------------------
     0 | D:1      | DocSulfur the Draconian Transmuter began the quest for the
                  | Orb.
     0 | D:1      | Reached XP level 1. HP: 16/16 MP: 3/3
   131 | D:1      | Reached XP level 2. HP: 13/23 MP: 5/5
  1367 | D:2      | Noticed Sigmund
  1508 | D:2      | Reached XP level 3. HP: 20/28 MP: 4/6
  1515 | D:2      | Killed Sigmund
  1516 | D:2      | Reached skill level 4 in Unarmed Combat
  1516 | D:2      | Reached XP level 4. HP: 16/37 MP: 5/8
  1516 | D:2      | Reached XP level 5. HP: 18/42 MP: 5/9
  1618 | D:2      | Noticed Terence
  1626 | D:2      | Learned a level 2 spell: Wereblood
  1648 | D:2      | Killed Terence
  2036 | D:2      | Noticed Robin
  2049 | D:2      | Reached XP level 6. HP: 42/50 MP: 10/10
  2054 | D:2      | Killed Robin
  2496 | D:3      | Found a shimmering altar of Xom.
  2941 | D:3      | Reached skill level 5 in Unarmed Combat
  3005 | D:3      | Found a glowing drain.
  3010 | Sewer    | Entered a sewer
  3116 | Sewer    | Noticed Purgy
  3136 | Sewer    | Killed Purgy
  3137 | Sewer    | Your scales start taking on a golden yellow colour.
  3137 | Sewer    | Reached XP level 7. HP: 25/57 MP: 10/12
  3137 | Sewer    | Gained mutation: You are resistant to acid. (rCorr) [Yellow
                  | Draconian growth]
  3271 | Sewer    | Quit the game

Illustrated notes

Levels and vault maps discovered:
D:1:      minmay_arrival_jagged, layout_basic
D:2:      layout_basic, uniq_terence, uniq_sigmund, uniq_robin
D:3:      minmay_goblin_kobold_castle, layout_basic, lemuel_doored_altar,
          gup_sewer_entry_bowl, nrook_mini_backslash, uniq_natasha
Sewer:    sewer_co_purgy_island

Skill      XL: |  1  2  3  4  5  6 |
---------------+-------------------+-----
Fighting       | 2 3 |  3.4
Unarmed Combat | 4 5 |  5.2
Transmutations | 3 4 |  4.6
Spellcasting   | 3 |  3.3
Dodging        | |  1.7

Action                   |  1- 3 |  4- 6 |  7- 9 || total
-------------------------+-------+-------+-------++-------
Melee: Unarmed           |    84 |   230 |       ||   314
       Kick              |    12 |    34 |       ||    46
       Tailslap          |    10 |    24 |       ||    34
       Headbutt          |     7 |    17 |       ||    24
       Punch             |       |     3 |       ||     3
 Cast: Beastly Appendage |    20 |    29 |     3 ||    52
       Wereblood         |       |     3 |       ||     3
 Abil: Breathe Acid      |       |       |     1 ||     1
  Use: Scroll            |     3 |       |       ||     3
       Potion            |       |     1 |       ||     1
Armor: Skin              |    30 |   114 |       ||   144
Dodge: Dodged            |    53 |   205 |       ||   258

Table legend: (Time is in decaauts)
 A = Elapsed time spent in this place.
 B = Non-inter-level travel time spent in this place.
 C = Inter-level travel time spent in this place.
 D = Time resting spent in this place.
 E = Time spent auto-exploring this place.
 F = Levels seen in this place.
 G = Mean time per level.
                   A        B        C        D        E       F      G
               +--------+--------+--------+--------+--------+-----+--------+
         Total |   3276 |   3134 |    142 |     37 |   2339 |   4 |  819.0 |
       Dungeon |   2983 |   2841 |    142 |     37 |   2166 |   3 |  994.3 |
         Sewer |    292 |    292 |      0 |      0 |    172 |   1 |  292.0 |
               +--------+--------+--------+--------+--------+-----+--------+

Top non-repeatable levels by time:
     D:1: 1408 daAuts
     D:2: 967 daAuts
     D:3: 607 daAuts
   Sewer: 292 daAuts
